 Dungeon Crawl Stone Soup version 0.19.5 (webtiles) character file.

10458 tognito the Fighter (level 11, -1/106 HPs)
             Began as a Minotaur Berserker on Apr 16, 2017.
             Was a High Priest of Trog.
             Slain by a meliai zombie (4 damage)
             ... on level 11 of the Dungeon on Apr 18, 2017.
             The game lasted 00:25:55 (8320 turns).

tognito the Fighter (Minotaur Berserker)            Turns: 8320, Time: 00:25:56

Health: -1/106     AC: 21    Str: 25    XL:     11   Next: 36%
Magic:  0/10       EV: 15    Int:  4    God:    Trog [*****.]
Gold:   952        SH:  0    Dex: 17    Spells: 0 memorised, 10 levels left

rFire  . . .     SeeInvis .     a - +1 battleaxe (distort)
rCold  . . .     Gourm    .     V - +0 plate armour
rNeg   . . .     Faith    .     (shield currently unavailable)
rPois  .         Spirit   +     g - +1 hat
rElec  .         Reflect  .     G - +0 cloak
rCorr  +         Harm     .     p - +2 pair of gloves {Dex+3}
MR     .....                    (no boots)
Stlth  ..........               D - amulet of guardian spirit
                                s - ring of resist corrosion
                                h - +4 ring of dexterity

@: no status effects
A: retaliatory headbutt, horns 2, repulsion field 1, icy blue scales 1, sturdy
frame 1
a: Berserk, Trog's Hand, Brothers in Arms, Burn Spellbooks, Renounce Religion


You were on level 11 of the Dungeon.
You worshipped Trog.
Trog was extremely pleased with you.
You were hungry.

You visited 1 branch of the dungeon, and saw 11 of its levels.
You also visited: Sewer.

You collected 952 gold pieces.

Inventory:

Hand Weapons
 a - a +1 battleaxe of distortion (weapon)
 b - a +0 shortbow
 O - a cursed +2 battleaxe of electrocution
Missiles
 i - 35 bolts
 n - 91 arrows
Armour
 g - a +1 hat (worn)
 p - a +2 pair of gloves of dexterity (worn)
 G - a +0 cloak (worn)
 V - a +0 plate armour (worn)
Jewellery
 h - a +4 ring of dexterity (left hand)
 s - a ring of resist corrosion (right hand)
 v - a cursed ring of protection from cold {unknown}
 C - a +5 ring of intelligence {unknown}
 D - an amulet of guardian spirit (around neck)
 L - an uncursed ring of poison resistance {unknown}
 P - a +5 ring of strength {unknown}
Wands
 f - a wand of flame (16/48)
 E - a wand of polymorph (14/24)
 K - a wand of slowing (25/48)
 N - a wand of random effects (18/48)
 R - a wand of slowing (17/48)
Scrolls
 e - 4 scrolls of enchant armour
 l - 3 scrolls of teleportation
 o - 3 scrolls of blinking
 r - 2 scrolls of fog
 t - 5 scrolls of identify
 u - a scroll of recharging
 x - 2 scrolls of magic mapping
 F - 3 scrolls of enchant weapon
 M - 3 scrolls of remove curse
Potions
 d - 3 potions of haste
 m - 5 potions of curing
 q - 3 potions of flight
 w - a potion of heal wounds
 A - a potion of lignification {unknown}
 I - 2 potions of berserk rage
 J - 2 potions of ambrosia {unknown}
 Q - a potion of cancellation {unknown}
 T - a potion of might
Comestibles
 c - 3 bread rations
 j - 5 meat rations
 y - 5 beef jerkies
 z - a royal jelly
 B - 3 slices of pizza
 S - a fruit
 U - 5 chunks of flesh


   Skills:
 * Level 12.8 Fighting
 * Level 12.5 Axes
 + Level 9.1 Armour
 + Level 8.2 Dodging


You had 10 spell levels left.
You didn't know any spells.

Dungeon Overview and Level Annotations

Branches:
Dungeon (11/15)            Temple (0/1) D:5            Lair (0/6) D:9
    Orc (0/2) D:9

Altars:
Cheibriados
Dithmenos
Fedhas
Hepliaklqana
Makhleb
Nemelex Xobeh
Okawaru
Ru
Trog
Uskayaw
Vehumet
Zin

Annotations:
Abyss:1 Nergalle


Innate Abilities, Weirdness & Mutations

You reflexively headbutt those who attack you in melee.
You have a pair of horns on your head.
You are surrounded by a mild repulsion field. (EV +2)
You are partially covered in icy blue scales. (AC +2)
Your movements are slightly less encumbered by armour. (ER -2)


Message History

The bolt of electricity hits the plant.
The bolt of electricity hits you!
* * * LOW HITPOINT WARNING * * *
The meliai zombie misses you. You furiously retaliate!
You headbutt the meliai zombie.
The meliai zombie hits you but does no damage.
The electric eel shoots out a bolt of lightning at you!
The bolt of electricity hits the plant.
The bolt of electricity hits you!
* * * LOW HITPOINT WARNING * * *
The bolt of electricity hits the plant.
The electric eel shoots out a bolt of lightning at you!
The bolt of electricity hits the plant.
The bolt of electricity hits you!
* * * LOW HITPOINT WARNING * * *
The meliai zombie barely misses you. You furiously retaliate!
You headbutt the meliai zombie, but do no damage.
The meliai zombie closely misses you. The meliai zombie barely misses you. x2
You hear the steady creaking of a very distant portcullis.
The hill giant shouts!
The meliai zombie hits you but does no damage.
The meliai zombie hits you.
You die...

#######♣♣ ♣♣♣♣###......
#......# #......
#......###### #......
#...........# #......
#...[♣......# #......
####≈≈♣.....# #......
♣♣♣≈≈≈≈....# #......
♣≈≈P≈≈≈♣...# ####......
♣≈≈≈≈P@P#..#.#.........
♣♣♣≈≈P≈Z≈♣#..#.#.#####...
♣♣P≈P≈≈P≈≈♣#'##.#.# #...
≈≈≈C≈;≈≈≈PP♣.....#.# #...
≈≈≈P≈≈≈≈≈≈♣......#.# #...
.................#.# #...
≈≈≈≈≈≈≈≈≈;♣......#.#####..)
≈≈≈≈P≈≈≈≈≈♣##....#.........
≈≈≈PPP≈≈♣# #....####......


You could see a hill giant, 2 electric eels and a meliai zombie.

Vanquished Creatures
  An unseen horror (D:10)
  A hill giant (D:11)
  Pikel (D:5)
  The ghost of abbott299 the Cleaver, a novice MiFi (D:5)
  A komodo dragon (D:11)
  A troll (D:7)
  A hippogriff (D:11)
  2 wyverns (D:9)
  3 hungry ghosts
  Eustachio (D:5)
  A warg (D:9)
  Menkaure (D:5)
  A soldier ant (D:9)
  A water moccasin (D:11)
  Duvessa (D:7)
  2 black bears
  4 slaves (D:5)
  4 ice beasts
  2 orc warriors (D:10)
  5 sky beasts
  4 ogres
  3 phantoms
  A crocodile (D:8)
  3 centaurs
  2 big kobolds
  8 bullfrogs
  A gnoll sergeant (D:8)
  A water moccasin zombie (D:6)
  Dowan (D:7)
  3 scorpions
  10 killer bees
  7 wights
  A howler monkey (D:9)
  An electric eel (D:11)
  7 crimson imps
  2 hounds (D:10)
  A quasit (D:8)
  8 orc priests
  3 bullfrog skeletons
  An iron imp (D:7)
  18 orc wizards
  A gnoll shaman (D:5)
  2 iguanas
  2 centaur skeletons
  5 worker ants
  Natasha (twice) (D:2)
  Ijyb (D:3)
  A killer bee zombie (D:5)
  A hound skeleton (D:8)
  A worker ant zombie (D:11)
  8 gnolls
  A river rat (Sewer)
  11 adders
  A shadow imp (D:7)
  3 oozes
  A worm (D:3)
  2 adder skeletons
  3 dart slugs
  7 leopard geckos
  26 orcs
  9 giant cockroaches
  4 hobgoblins
  8 jackals
  17 kobolds
  2 quokkas
  A ball python (D:4)
  3 bats
  3 frilled lizards
  7 goblins
  9 rats
263 creatures vanquished.

Vanquished Creatures (collateral kills)
  A hydra (D:11)
1 creature vanquished.

Vanquished Creatures (others)
  A wight (D:10)
  4 toadstools (D:1)
5 creatures vanquished.

Grand Total: 269 creatures vanquished

Notes
Turn   | Place    | Note
-------+----------+-------------------------------------------
     0 | D:1      | tognito the Minotaur Berserker began the quest for the Orb.
     0 | D:1      | Reached XP level 1. HP: 19/19 MP: 0/0
   215 | D:1      | Reached XP level 2. HP: 27/27 MP: 1/1
   525 | D:2      | Reached XP level 3. HP: 27/33 MP: 2/2
   596 | D:2      | Found a shadowy altar of Dithmenos.
   844 | D:2      | Reached ** piety under Trog
   853 | D:2      | Noticed Natasha
   857 | D:2      | Killed Natasha
   857 | D:2      | Reached XP level 4. HP: 38/41 MP: 3/3
  1001 | D:2      | You fall through a shaft for 2 floors!
  1109 | D:4      | Reached skill level 5 in Axes
  1202 | D:3      | Found a shadowy altar of Dithmenos.
  1230 | D:3      | Reached skill level 5 in Fighting
  1263 | D:3      | Found a glowing drain.
  1263 | D:3      | Reached XP level 5. HP: 48/48 MP: 4/4
  1275 | Sewer    | Entered a sewer
  1377 | Sewer    | Found a white marble altar of Elyvilon.
  1617 | D:3      | Noticed Ijyb
  1620 | D:3      | Killed Ijyb
  1649 | D:3      | Reached *** piety under Trog
  1714 | D:3      | Reached XP level 6. HP: 51/56 MP: 5/5
  1944 | D:2      | Noticed Natasha
  1946 | D:2      | Killed Natasha
  2563 | D:4      | Found a sacrificial altar of Ru.
  2593 | D:5      | Entered Level 5 of the Dungeon
  2614 | D:5      | Found an iron altar of Okawaru.
  2654 | D:5      | Noticed Menkaure
  2655 | D:5      | Noticed a slave
  2656 | D:5      | Noticed Pikel
  2657 | D:5      | Noticed a slave
  2657 | D:5      | Noticed a slave
  2658 | D:5      | Noticed a slave
  2659 | D:5      | Killed Menkaure
  2666 | D:5      | Killed a slave
  2666 | D:5      | Killed a slave
  2667 | D:5      | Killed a slave
  2668 | D:5      | Killed a slave
  2669 | D:5      | Killed Pikel
  2669 | D:5      | Reached skill level 5 in Armour
  2669 | D:5      | Reached XP level 7. HP: 47/66 MP: 6/6
  2731 | D:5      | Reached XP level 8. HP: 55/73 MP: 7/7
  2764 | D:5      | Found a staircase to the Ecumenical Temple.
  2764 | D:5      | Noticed abbott299's ghost (novice MiFi)
  2776 | D:5      | Killed abbott299's ghost
  2776 | D:5      | Reached skill level 5 in Dodging
  2822 | D:5      | Found a bloodstained altar of Trog.
  2983 | D:5      | Found a blossoming altar of Fedhas.
  3163 | D:5      | Gained mutation: You are partially covered in icy blue scales. (AC +2) [potion of mutation]
  3163 | D:5      | Gained mutation: You are surrounded by a mild repulsion field. (EV +2) [potion of mutation]
  3163 | D:5      | Gained mutation: Your movements are slightly less encumbered by armour. (ER -2) [potion of mutation]
  3196 | D:5      | Noticed Eustachio
  3205 | D:5      | Killed Eustachio
  3471 | D:5      | Found a hide-covered altar of Uskayaw.
  3659 | D:6      | Reached XP level 9. HP: 83/83 MP: 6/8
  3661 | D:6      | Found a hazy altar of Hepliaklqana.
  3744 | D:6      | Reached **** piety under Trog
  4778 | D:7      | Found a snail-covered altar of Cheibriados.
  4867 | D:7      | Reached skill level 10 in Fighting
  4909 | D:7      | Noticed Dowan
  4910 | D:7      | Noticed Duvessa
  4918 | D:7      | Killed Duvessa
  4919 | D:7      | Killed Dowan
  4943 | D:7      | Reached skill level 10 in Axes
  5126 | D:7      | Found a bloodstained altar of Trog.
  5126 | D:7      | Noticed a troll
  5139 | D:7      | Killed a troll
  5372 | D:8      | Reached XP level 10. HP: 79/94 MP: 7/9
  5475 | D:8      | Reached ***** piety under Trog
  6043 | D:8      | Found a glowing silver altar of Zin.
  6148 | D:8      | Found a radiant altar of Vehumet.
  6150 | D:8      | Found a burning altar of Makhleb.
  6344 | D:9      | Received a gift from Trog
  6375 | D:9      | Found a staircase to the Orcish Mines.
  6730 | D:9      | Found a staircase to the Lair.
  6873 | D:9      | Found a sparkling altar of Nemelex Xobeh.
  6873 | D:9      | Found a faded altar of an unknown god.
  6878 | D:9      | Found a faded altar of an unknown god.
  6880 | D:9      | Found a faded altar of an unknown god.
  6882 | D:9      | Found a faded altar of an unknown god.
  7314 | D:10     | Entered Level 10 of the Dungeon
  7717 | D:10     | Killed an unseen horror
  7717 | D:10     | Reached XP level 11. HP: 99/105 MP: 10/10
  8082 | D:11     | Noticed a seven-headed hydra
  8107 | D:11     | Killed an eight-headed hydra
  8165 | D:11     | Noticed a hill giant
  8196 | D:11     | Killed a hill giant
  8230 | D:11     | Noticed Nergalle
  8234 | D:11     | Banished Nergalle
  8318 | D:11     | Noticed a hill giant
  8318 | D:11     | HP: 2/106 [electric eel/bolt of electricity (8)]
  8320 | D:11     | Slain by a meliai zombie

Skill      XL: |  1  2  3  4  5  6  7  8  9 10 11 |
---------------+----------------------------------+-----
Fighting       | 4 5 7 9 10 12 | 12.8
Axes           | 4 5 6 7 8 10 12 | 12.5
Armour         | 3 5 6 7 8 9 |  9.1
Dodging        | 3 4 5 6 7 8 |  8.2

Action                   |  1- 3 |  4- 6 |  7- 9 | 10-12 || total
-------------------------+-------+-------+-------+-------++-------
Melee: Hand axe          |    53 |    58 |       |       ||   111
       Headbutt          |     8 |    25 |    43 |    43 ||   119
       War axe           |       |    47 |   134 |       ||   181
       Battleaxe         |       |       |     5 |   212 ||   217
 Fire: Shortbow          |       |       |    86 |    29 ||   115
Invok: Burn Spellbooks   |       |     1 |       |     2 ||     3
       Berserk           |       |     1 |     1 |       ||     2
       Trog's Hand       |       |     1 |     1 |       ||     2
       Brothers in Arms  |       |       |       |     1 ||     1
  Use: Potion            |     3 |     8 |     2 |       ||    13
       Scroll            |       |     8 |     2 |     2 ||    12
  Eat: Chunk             |       |     4 |    10 |    11 ||    25
       Pizza             |       |     1 |       |       ||     1
       Bread ration      |       |       |     1 |       ||     1
Armor: Ring mail         |    12 |    43 |     6 |       ||    61
       Animal skin       |     1 |       |       |       ||     1
       Scale mail        |       |       |    17 |       ||    17
       Chain mail        |       |       |    34 |   106 ||   140
       Plate armour      |       |       |       |     2 ||     2
Dodge: Dodged            |    37 |    71 |   108 |   183 ||   399
